AoeStats
← Jugador08479147

Pilgrims

510235252Analyzed
4v4 RM · 11h ago on Sep 30, 2026· 67m 38s· 8 players
Game mode
Random Map
Map size
Large (8 player)
Population
200
Speed
Normal
Resources
Standard
Victory
Conquest
Starting age
Dark Age
Ending age
Imperial Age
RankedLock teamsTeams togetherTeam positionsShared explorationLock speedFull tech treeHidden civsTurbo modeCheats
Victory
Defeat
🇦🇷 Khmer · Argentina
694
+16
🇦🇷 Japanese · Argentina
694
+16
🇺🇸 Turks · United States
686
+16
🇦🇺 Byzantines · Australia
672
+17
🇺🇸 Khmer · United States
721
-17
🇵🇪 Romans · Peru
718
-17
🇲🇽 Romans · Mexico
703
-17
🇨🇴 Burgundians · Colombia
625
-14
DearestDickSmith
13:00 Loom
15:58 Feudal Age
18:46 Double-Bit Axe
18:48 Horse Collar
23:34 Castle Age
26:48 Stone Mining
26:48 Gold Mining
27:02 Heavy Plow
27:15 Bow Saw
38:32 Imperial Age
40:29 Conscription
42:51 Gold Shaft Mining
44:36 Bombard Tower
43:57 Treadmill Crane
44:28 Masonry
44:24 Padded Archer Armor
44:16 Fletching
45:05 Artillery
46:04 Elite Janissary
50:03 Two-Man Saw
51:01 Wheelbarrow
54:10 Bodkin Arrow
54:31 Leather Archer Armor
54:22 Scale Barding Armor
54:27 Forging
Admar
4:27 Loom
12:13 Feudal Age
13:38 Double-Bit Axe
13:53 Fishing Lines
20:35 Castle Age
21:34 Medium Warships
21:53 Bow Saw
26:15 Wheelbarrow
26:53 Gillnets
28:50 Stone Mining
28:51 Gold Mining
31:58 Gold Shaft Mining
39:29 Imperial Age
36:49 Town Watch
38:42 Stone Shaft Mining
39:14 Horse Collar
42:13 Hand Cart
41:58 Town Patrol
43:07 Heavy Warships
43:10 Capped Ram
43:12 Heavy Scorpion
45:05 Conscription
45:00 Cavalier
45:43 Pikeman
49:17 Bloodlines
49:07 Husbandry
49:11 Halberdier
55:06 Heavy Plow
55:37 Husbandry
54:58 Light Cavalry
58:29 Chemistry
57:35 Siege Engineers
56:58 Hussar
58:48 Double Crossbow
62:07 Elite Ballista Elephant
63:04 Scale Barding Armor
63:10 Forging
66:12 Spies/Treason
Balasar
12:21 Feudal Age
13:02 Fishing Lines
14:14 Double-Bit Axe
16:13 Wheelbarrow
17:04 Man-at-Arms
19:38 Forging
21:56 Castle Age
22:17 Long Swordsman
22:43 Gambesons
23:19 Scale Mail Armor
24:58 Iron Casting
24:17 Pikeman
25:51 Squires
25:38 Horse Collar
26:08 Town Watch
27:03 Gillnets
27:24 Medium Warships
28:27 Bow Saw
29:32 Arson
34:01 Gold Mining
36:30 Hand Cart
40:24 Imperial Age
39:28 Caravan
39:34 Fletching
40:04 Stone Mining
40:31 Fervor
41:44 Ballistics
42:24 Chemistry
41:03 Two-Handed Swordsman
42:37 Heavy Warships
42:12 Bodkin Arrow
43:19 Blast Furnace
42:47 Champion
44:39 Two-Man Saw
45:07 Elite Cannon Galleon
45:25 Halberdier
46:39 Heavy Plow
50:01 Elite Samurai
51:01 Conscription
52:13 Chain Mail Armor
55:31 Town Patrol
58:55 Plate Mail Armor
61:16 Gold Shaft Mining
61:48 Spies/Treason
64:08 Theocracy
63:43 Bracer
63:32 Arrowslits
RoR | Yakka
5:52 Loom
13:37 Feudal Age
16:19 Double-Bit Axe
19:45 Fletching
22:05 Castle Age
23:03 Wheelbarrow
23:02 Medium Warships
24:18 Bodkin Arrow
28:05 Hand Cart
29:02 Ballistics
33:25 Gold Mining
33:26 Stone Mining
39:38 Imperial Age
39:03 Fishing Lines
39:58 Padded Archer Armor
40:53 Heavy Warships
40:43 Elite Skirmisher
40:52 Pikeman
41:34 Squires
41:39 Arson
42:04 Bracer
42:20 Leather Archer Armor
43:10 Chemistry
42:06 Murder Holes
42:41 Conscription
43:23 Bow Saw
46:49 Halberdier
51:45 Ring Archer Armor
51:17 Scale Mail Armor
51:28 Forging
52:01 Gold Shaft Mining
52:01 Stone Shaft Mining
51:23 Treadmill Crane
52:17 Shipwright
52:10 Clinker Construction
Juan86852
10:54 Feudal Age
9:41 Loom
13:21 Wheelbarrow
12:47 Double-Bit Axe
14:01 Horse Collar
14:16 Gold Mining
25:05 Castle Age
26:19 Medium Warships
27:18 Stone Mining
28:04 Gold Shaft Mining
27:32 Heavy Plow
27:51 Bow Saw
32:03 Careening
32:04 Clinker Construction
34:28 Imperial Age
37:45 Heavy Warships
38:58 Scale Barding Armor
39:04 Forging
38:56 Scale Mail Armor
39:44 Conscription
41:41 Chain Barding Armor
47:15 Elite Centurion
48:04 Sappers
xXDADDYDEADLYXx
13:20 Feudal Age
14:36 Wheelbarrow
14:54 Horse Collar
15:02 Double-Bit Axe
16:16 Gold Mining
23:15 Castle Age
24:23 Medium Warships
24:34 Hand Cart
24:21 Heavy Plow
24:32 Bow Saw
24:16 Stone Mining
25:04 Gold Shaft Mining
28:13 Stone Shaft Mining
37:30 Tusk Swords
37:48 Caravan
41:53 Imperial Age
41:12 Husbandry
44:48 Scale Barding Armor
44:54 Forging
48:24 Heavy Warships
52:08 Double Crossbow
51:32 Elite Ballista Elephant
52:56 Chain Barding Armor
53:13 Iron Casting
53:16 Ballistics
53:37 Fletching
61:15 Chemistry
Jugador08479147
3:46 Fishing Lines
8:13 Double-Bit Axe
10:51 Horse Collar
15:36 Feudal Age
15:29 Wheelbarrow
16:05 Man-at-Arms
17:00 Gillnets
18:09 Gold Mining
18:49 Stone Mining
19:32 Bow Saw
27:45 Stone Shaft Mining
30:36 Castle Age
30:40 Light Cavalry
31:38 Loom
33:40 Gold Shaft Mining
34:14 Hand Cart
36:08 Cavalier
36:12 Pikeman
36:15 Long Swordsman
GEDIAN
3:55 Loom
12:29 Feudal Age
13:23 Horse Collar
13:51 Double-Bit Axe
16:51 Fletching
21:22 Castle Age
23:57 Medium Warships
24:14 Medium Warships
24:39 Bodkin Arrow
26:02 Wheelbarrow
25:31 Scale Mail Armor
26:08 Forging
26:36 Bow Saw
26:19 Gold Mining
27:03 Heavy Plow
29:07 Ballistics
29:36 Hand Cart
32:37 Imperial Age
32:44 Ballistas
32:43 Murder Holes
34:16 Chain Mail Armor
35:51 Heavy Warships
36:23 Gold Shaft Mining
36:54 Chemistry
35:30 Man-at-Arms
35:32 Heavy Scorpion
39:04 Iron Casting
38:50 Caravan
40:46 Crop Rotation
45:02 Demolition Ship
45:33 Pikeman
47:03 Squires
49:42 Fortified Wall
50:35 Coinage
50:25 Guilds
49:39 Heavy Scorpion
51:21 Scale Barding Armor
54:47 Husbandry
55:54 Banking
Connection lost

Rejoining the realm…

Still unreachable

The connection could not be restored.

Session expired

The server has moved on; the page needs a fresh start.